 Dungeon Crawl Stone Soup version 0.29.0-4-gdea44cf6ec (webtiles) character file.

Game seed: 11944831746305536131

1894 qw the Cleaver (level 8, 0/70 HPs)
             Began as a Minotaur Berserker on Sept 6, 2022.
             Was a Priest of Trog.
             Succumbed to a gnoll's poison
             ... on level 6 of the Dungeon.
             The game lasted 00:01:51 (5709 turns).

qw the Cleaver (Minotaur Berserker)                 Turns: 5709, Time: 00:01:52

Health: 0/70       AC: 19    Str: 30    XL:     8   Next: 93%
Magic:  7/7        EV:  8    Int:  4    God:    Trog [***...]
Gold:   361        SH:  0    Dex: 10    Spells: 7/7 levels left

rFire   . . .      SeeInvis .   Y - +1 hand axe
rCold   . . .      Faith    .   (no shield)
rNeg    . . .      Spirit   .   c - +0 plate armour
rPois   .          Reflect  .   (helmet restricted)
rElec   .          Harm     .   (no cloak)
rCorr   .          Rampage  .   m - +2 pair of gloves
Will    .....                   (no boots)
Stlth   ..........              (no amulet)
HPRegen 0.21/turn               e - +6 ring of strength
MPRegen 0.10/turn               g - +4 ring of protection

@: lethally poisoned (0 -> -21), on berserk cooldown, slowed, very slow
A: horns 2, retaliatory headbutt
a: Renounce Religion, Berserk, Trog's Hand


You were on level 6 of the Dungeon.
You worshipped Trog.
Trog was most pleased with you.
You visited 1 branch of the dungeon, and saw 6 of its levels.

You collected 361 gold pieces.


Innate Abilities, Weirdness & Mutations

You have a pair of horns on your head.
You reflexively headbutt those who attack you in melee.


   Skills:
 + Level 6.0 Fighting
 - Level 12.6 Axes
 - Level 5.0 Armour
 - Level 2.1 Dodging


You had 7 spell levels left.
You didn't know any spells.
Your spell library was empty.

Inventory:

Hand Weapons
 i - a +0 whip
 Y - a +1 hand axe (weapon)
Armour
 c - a +0 plate armour (worn)
 m - a +2 pair of gloves (worn)
Jewellery
 e - a +6 ring of strength (left hand)
 g - a +4 ring of protection (right hand)
Scrolls
 a - a scroll of identify
 b - a scroll of immolation {unknown}
Potions
 d - a potion of flight {unknown}
 f - a potion of ambrosia {unknown}
 j - a potion of experience {unknown}
 k - a potion of curing
 l - a potion of heal wounds {unknown}
 n - a potion of haste {unknown}

Dungeon Overview and Level Annotations

Branches:
Dungeon (6/15)             Temple (0/1) D:4

Altars:
Cheibriados
Ru
Uskayaw
Vehumet

Shops:
D:4 [

Portals:
Abyss: D:3

Annotations:
D:3 2 transporters, qw's ghost, amateur BaCK


Message History

You hit the gnoll but do no damage.
With Pikel's spell broken, his former minions thank you for their freedom.
The lemure departs this earthly plane. x2
The gnoll hits you from afar with a +1 spear of venom.
You are poisoned.
The gnoll hits you but does no damage.
The gnoll sergeant hits you from afar with a +0 spear!
Your Axes skill increases to level 12!
You closely miss the gnoll. Your headbutt misses the gnoll.
You feel very sick.
The gnoll hits you from afar with a +1 spear of venom.
You are lethally poisoned!
The gnoll hits you but does no damage.
The gnoll sergeant hits you but does no damage.
You closely miss the gnoll. You headbutt the gnoll.
The gnoll is lightly wounded.
You hit the gnoll.
You feel very sick. The gnoll closely misses you.
The gnoll hits you but does no damage. The gnoll hits you with a +0 club.
The gnoll sergeant hits you but does no damage.
You slash the gnoll!
You kill the gnoll!
Trog accepts your kill.
You closely miss the gnoll.
You feel very sick. The gnoll closely misses you.
The gnoll hits you but does no damage.
The gnoll sergeant hits you from afar with a +0 spear.
The orc priest miscasts a cantrip.
You hit the gnoll.
The gnoll is moderately wounded.
You feel very sick. The gnoll hits you but does no damage.
You are more poisoned.
The gnoll hits you but does no damage. The gnoll sergeant barely misses you.
You slash the gnoll!
You kill the gnoll!
Trog accepts your kill.
You hit the orc priest.
You die...

##....# ##...##
####...##
####..##..#
#.....##.##
####.........###
..##.........#.####
..###....##..#....#
..##..#####...##@)#
..#....#
####..))ogo....
.#.%..##.#
#....g.#....
......<:.#
#.####......
....##....##..#
....^.
...........#..#
......
..%..........#.
#.(..
...........#.#.
#... #.........## .


You could see a gnoll sergeant, 2 orc priests and a gnoll.

Vanquished Creatures
  Pikel (D:6)
  Sigmund (D:3)
  Duvessa (D:6)
  A black bear (D:5)
  2 ogres
  A phantom (D:5)
  2 lemures (D:6)
  3 necrophages
  A bullfrog (D:6)
  A scorpion (D:4)
  Dowan (D:6)
  A howler monkey (D:4)
  An orc priest (D:6)
  5 hounds
  2 orc wizards (D:5)
  4 gnolls (D:6)
  9 adders
  3 white imps (D:5)
  2 worms
  3 dart slugs
  4 orcs
  4 bats
  5 endoplasms
  2 giant cockroaches (D:4)
  11 goblins
  9 hobgoblins
  8 quokkas
  6 ball pythons
  5 frilled lizards
  3 kobolds
  5 rats
107 creatures vanquished.

Notes
Turn   | Place    | Note
-------+----------+-------------------------------------------
     0 | D:1      | qw the Minotaur Berserker began the quest for the Orb.
     0 | D:1      | Reached XP level 1. HP: 19/19 MP: 0/0
     0 | D:1      | 0 ||| qw: Version: 0.1-a-107-g9ff403c
     0 | D:1      | 0 ||| qw: Game counter: 6123
     0 | D:1      | 0 ||| qw: Always use a shield: true
     0 | D:1      | 0 ||| qw: Do Orc after D:15 true
     0 | D:1      | 0 ||| qw: Do second Lair branch before Depths: true
     0 | D:1      | 0 ||| qw: Lair rune preference: random
     0 | D:1      | 0 ||| qw: Plans: Normal
     0 | D:1      | 0 ||| PLANNING D:1-11
   116 | D:1      | Reached skill level 4 in Axes
   201 | D:1      | Reached XP level 2. HP: 20/26 MP: 1/1
   379 | D:1      | 379 ||| Stepping ~*~*~tactically~*~*~ (stealth).
   821 | D:1      | 821 ||| READING 3 scrolls labelled VAYRUCW HIAH.
   822 | D:1      | 822 ||| READING scroll labelled KYPUIN YPTEO.
   823 | D:1      | 823 ||| READING scroll labelled DUIC UR XIAJ.
   824 | D:1      | 824 ||| READING scroll labelled AFRASM YSYUSK.
   825 | D:1      | 825 ||| READING scroll labelled ROTWUE PERPHUE.
   826 | D:1      | 826 ||| READING scroll labelled DADYUPS OSSOFO.
   827 | D:1      | 827 ||| READING 2 scrolls of identify.
   827 | D:1      | 827 ||| IDENTIFYING glowing black potion
   939 | D:2      | 939 ||| Stepping ~*~*~tactically~*~*~ (stealth).
   944 | D:2      | 944 ||| Stepping ~*~*~tactically~*~*~ (stealth).
   952 | D:2      | Reached skill level 5 in Axes
   952 | D:2      | Reached XP level 3. HP: 21/31 MP: 2/2
   967 | D:2      | 967 ||| FLEEEEING.
  1308 | D:2      | Reached ** piety under Trog
  1695 | D:2      | 1695 ||| INVOKING Berserk.
  2082 | D:2      | 2082 ||| UPGRADING to +0 plate armour.
  2092 | D:2      | 2092 ||| DROPPING +0 animal skin.
  2093 | D:2      | 2093 ||| UPGRADING to +2 pair of gloves.
  2098 | D:2      | 2098 ||| DROPPING ring of magical power.
  2099 | D:2      | 2099 ||| READING scroll labelled ROUTWUAMUO.
  2100 | D:2      | 2100 ||| READING scroll labelled NIAVVETHRAL.
  2101 | D:2      | 2101 ||| READING scroll labelled JEBLEL ZURU.
  2241 | D:2      | 2241 ||| DRINKING 3 white potions.
  2242 | D:2      | 2242 ||| DROPPING 2 potions of attraction.
  2334 | D:3      | Noticed an ogre
  2338 | D:3      | 2338 ||| INVOKING Berserk.
  2343 | D:3      | Killed an ogre
  2344 | D:3      | Reached skill level 7 in Axes
  2344 | D:3      | Reached XP level 4. HP: 33/39 MP: 3/3
  2344 | D:3      | Reached XP level 5. HP: 38/45 MP: 4/4
  2493 | D:3      | Found a transporter.
  2505 | D:3      | Found a one-way gate to the infinite horrors of the Abyss.
  2505 | D:3      | Noticed qw's ghost (amateur BaCK)
  2505 | D:3      | Noticed a small abomination
  2631 | D:3      | 2631 ||| Stepping ~*~*~tactically~*~*~ (stealth).
  2704 | D:3      | Reached skill level 3 in Armour
  2715 | D:3      | Found a transporter.
  2815 | D:3      | Noticed a +0 dagger
  2816 | D:3      | Noticed a +0 hand axe
  2817 | D:3      | 2817 ||| UPGRADING to +6 ring of strength.
  2818 | D:3      | 2818 ||| READING scroll labelled GOLOWI IXUNO.
  3007 | D:3      | Noticed Sigmund
  3010 | D:3      | 3010 ||| DRINKING potion of curing.
  3010 | D:3      | 3010 ||| (to cure confusion)
  3012 | D:3      | 3012 ||| INVOKING Berserk.
  3018 | D:3      | Killed Sigmund
  3019 | D:3      | Reached skill level 8 in Axes
  3019 | D:3      | Reached XP level 6. HP: 52/52 MP: 5/5
  3135 | D:3      | Found a hide-covered altar of Uskayaw.
  3214 | D:3      | 3214 ||| Stepping ~*~*~tactically~*~*~ (stealth).
  3373 | D:3      | 3373 ||| READING scroll labelled YDAMEJ POWYRAR.
  3512 | D:4      | Found a radiant altar of Vehumet.
  3519 | D:4      | 3519 ||| STAIRDANCE
  3536 | D:4      | 3536 ||| STAIRDANCE
  3553 | D:3      | 3553 ||| FLEEEEING.
  3708 | D:4      | 3708 ||| Stepping ~*~*~tactically~*~*~ (stealth).
  3737 | D:4      | 3737 ||| Stepping ~*~*~tactically~*~*~ (hiding).
  3785 | D:4      | Reached skill level 9 in Axes
  3833 | D:4      | 3833 ||| Stepping ~*~*~tactically~*~*~ (stealth).
  3834 | D:4      | 3834 ||| Stepping ~*~*~tactically~*~*~ (stealth).
  3844 | D:4      | Reached *** piety under Trog
  3906 | D:4      | Reached XP level 7. HP: 60/60 MP: 6/6
  4015 | D:4      | Found a snail-covered altar of Cheibriados.
  4016 | D:4      | 4016 ||| UPGRADING to +4 ring of protection.
  4017 | D:4      | 4017 ||| READING scroll labelled WEWNEIK JEUXT.
  4018 | D:4      | 4018 ||| Stepping randomly (stuck).
  4019 | D:4      | 4019 ||| Stepping randomly (stuck).
  4020 | D:4      | 4020 ||| Stepping randomly (stuck).
  4021 | D:4      | 4021 ||| Stepping randomly (stuck).
  4022 | D:4      | 4022 ||| Stepping randomly (stuck).
  4023 | D:4      | 4023 ||| Stepping randomly (stuck).
  4027 | D:4      | 4027 ||| Stepping randomly (stuck).
  4028 | D:4      | 4028 ||| Stepping randomly (stuck).
  4029 | D:4      | 4029 ||| Stepping randomly (stuck).
  4030 | D:4      | 4030 ||| Stepping randomly (stuck).
  4032 | D:4      | 4032 ||| Stepping randomly (stuck).
  4033 | D:4      | 4033 ||| Stepping randomly (stuck).
  4036 | D:4      | 4036 ||| Stepping randomly (stuck).
  4038 | D:4      | 4038 ||| Stepping randomly (stuck).
  4039 | D:4      | 4039 ||| Stepping randomly (stuck).
  4040 | D:4      | 4040 ||| Stepping randomly (stuck).
  4041 | D:4      | 4041 ||| Stepping randomly (stuck).
  4042 | D:4      | 4042 ||| Stepping randomly (stuck).
  4044 | D:4      | 4044 ||| Stepping randomly (stuck).
  4046 | D:4      | 4046 ||| Stepping randomly (stuck).
  4047 | D:4      | 4047 ||| Stepping randomly (stuck).
  4048 | D:4      | 4048 ||| Stepping randomly (stuck).
  4121 | D:4      | Found Sarrarhi's Antique Armour Shop.
  4158 | D:4      | Found a staircase to the Ecumenical Temple.
  4287 | D:5      | Entered Level 5 of the Dungeon
  4309 | D:5      | 4309 ||| INVOKING Berserk.
  4428 | D:5      | Found a sacrificial altar of Ru.
  4430 | D:5      | 4430 ||| Stepping ~*~*~tactically~*~*~ (hiding).
  4608 | D:5      | Reached skill level 10 in Axes
  4642 | D:5      | Reached XP level 8. HP: 62/70 MP: 7/7
  4798 | D:5      | 4798 ||| Stepping ~*~*~tactically~*~*~ (hiding).
  4799 | D:5      | 4799 ||| Stepping ~*~*~tactically~*~*~ (hiding).
  5402 | D:5      | 5402 ||| Stepping ~*~*~tactically~*~*~ (hiding).
  5409 | D:5      | Reached skill level 6 in Fighting
  5561 | D:5      | 5561 ||| DROPPING ring of resist corrosion.
  5562 | D:5      | 5562 ||| READING 2 scrolls of identify.
  5562 | D:5      | 5562 ||| IDENTIFYING clear potion
  5563 | D:5      | 5563 ||| DROPPING potion of lignification.
  5680 | D:6      | Noticed Dowan
  5681 | D:6      | Noticed Duvessa
  5682 | D:6      | Noticed Pikel
  5683 | D:6      | 5683 ||| INVOKING Berserk.
  5685 | D:6      | Killed Dowan
  5694 | D:6      | Killed Duvessa
  5695 | D:6      | Reached skill level 11 in Axes
  5704 | D:6      | Killed Pikel
  5705 | D:6      | Reached skill level 12 in Axes
  5706 | D:6      | HP: 17/70 [poisoned by a gnoll]
  5707 | D:6      | HP: 7/70 [gnoll sergeant/+0 spear (4)]
  5709 | D:6      | Succumbed to a gnoll's poison

Levels and vault maps discovered:
D:1:      lemuel_arrival_funnel, layout_loops_ring, columned_hall_lemuel
D:2:      layout_loops_corners, grunt_decor_fettered
D:3:      layout_basic, dancing_weapons_uskayaw, gammafunk_ghost_abyssal_escape,
          uniq_sigmund
D:4:      layout_cave_pools, fiery_altar_vehumet, cheibrodos_worm_habitat,
          minmay_temple_entry_statues, serial_shops, kennysheep_mini
D:5:      layout_loops_corners, nicolae_ru_great_annihilating_truth
D:6:      layout_cave_pools, bloody_trog, small_statue_intersection,
          minmay_between, uniq_pikel, uniq_eustachio, uniq_duvessa

Skill      XL: |  1  2  3  4  5  6  7  8 |
---------------+-------------------------+-----
Axes           | 4 5 7 8 9 10 12 | 12.6
Armour         | 3 4 5 |  5.0
Fighting       | 4 5 6 |  6.0
Dodging        | |  2.1

Action                   |  1- 3 |  4- 6 |  7- 9 || total
-------------------------+-------+-------+-------++-------
Melee: Hand axe          |    82 |    87 |    95 ||   264
       Headbutt          |     9 |    12 |    20 ||    41
       Punch             |     1 |     1 |     1 ||     3
Invok: Berserk           |     2 |     1 |     2 ||     5
  Use: Scroll            |    10 |     2 |     2 ||    14
       Potion            |     1 |     1 |       ||     2
 Stab: Invisible         |       |       |     1 ||     1
       Paralysed         |       |       |     1 ||     1
Armor: Animal skin       |    10 |       |       ||    10
       Plate armour      |     6 |    46 |    52 ||   104
Dodge: Dodged            |    25 |    23 |    19 ||    67

Table legend:
 A = Non-vault XP
 B = Vault XP
 C = Vault XP percentage of total XP
 D = Non-vault monster count
 E = Vault monster count
 F = Vault count percentage of total count
                 A         B        C        D         E       F
            +---------+---------+-------+---------+---------+-------
      Total |    1589 |    1130 |  41.6 |      96 |       9 |   8.6
            +---------+---------+-------+---------+---------+-------
        D:1 |      26 |       0 |   0.0 |      14 |       0 |   0.0
        D:2 |      58 |       0 |   0.0 |      19 |       0 |   0.0
        D:3 |     210 |     239 |  53.2 |      23 |       1 |   4.2
        D:4 |     399 |       5 |   1.2 |      14 |       1 |   6.7
        D:5 |     636 |      39 |   5.8 |      15 |       4 |  21.1
        D:6 |     260 |     847 |  76.5 |      11 |       3 |  21.4
            +---------+---------+-------+---------+---------+-------
